 Dungeon Crawl Stone Soup version 0.26-a0-672-g1df16c3386 (webtiles) character file.

Game seed: 9654313194515633506

47730 dolemite99 the Carver (level 14, -7/111 HPs)
             Began as a Formicid Hunter on Oct 20, 2020.
             Was a High Priest of Okawaru.
             Mangled by a death yak (19 damage)
             ... on level 6 of the Lair of Beasts.
             The game lasted 00:39:19 (25308 turns).

dolemite99 the Carver (Formicid Hunter)            Turns: 25308, Time: 00:39:19

Health: -7/111     AC: 16    Str: 19    XL:     14   Next: 83%
Magic:  16/16      EV: 11    Int: 13    God:    Okawaru [*****.]
Gold:   1212       SH:  5    Dex: 15    Spells: 11/13 levels left

rFire    . . .     SeeInvis +   a - +5 scimitar of Subterfuge {venom, Dex+3}
rCold    . . .     Faith    .   F - +0 buckler
rNeg     . . .     Spirit   .   D - +0 plate armour
rPois    .         Reflect  .   (helmet unavailable)
rElec    .         Harm     .   z - +2 cloak
rCorr    +         Rampage  .   (no gloves)
MR       +....                  (no boots)
Stlth    ..........             I - amulet of the acrobat
HPRegen  0.28/turn              A - ring of resist corrosion
MPRegen  0.15/turn              e - +4 ring of evasion

@: studying Air Magic
A: permanent stasis, dig shafts and tunnels, four strong arms, antennae 3
a: Dig, Shaft Self, Heroism, Finesse, Renounce Religion


You were on level 6 of the Lair of Beasts.
You worshipped Okawaru.
Okawaru was extremely pleased with you.
You visited 3 branches of the dungeon, and saw 16 of its levels.
You also visited: Ossuary.

You collected 1212 gold pieces.

Inventory:

Hand Weapons
 a - the +5 scimitar of Subterfuge (weapon) {venom, Dex+3}
   (You found it on level 8 of the Dungeon)

   It poisons the flesh of those it strikes.
   It affects your dexterity (+3).
 b - a +1 hunting sling
 c - a +2 long sword of holy wrath
 y - a +2 dagger of draining
 E - a +0 hunting sling
Missiles
 d - 35 poisoned darts (quivered)
 p - 98 sling bullets
 q - 458 stones
 B - 17 boomerangs
 R - 7 javelins
 V - 2 atropa-tipped darts
Armour
 z - a +2 cloak (worn)
 D - a +0 plate armour (worn)
 F - a +0 buckler (worn)
Jewellery
 e - a +4 ring of evasion (right hand)
 h - an uncursed ring of fire
 r - an uncursed amulet of regeneration
 s - an uncursed ring of wizardry
 u - an uncursed ring of wizardry
 A - a ring of resist corrosion (left hand)
 G - an uncursed ring of magical power
 H - an uncursed amulet of magic regeneration
 I - an amulet of the acrobat (around neck)
 K - a +6 ring of intelligence
 P - an uncursed ring of protection from magic
 U - an uncursed ring of positive energy
 X - a cursed -4 ring of evasion
Wands
 v - a wand of iceblast (1)
 Q - a wand of paralysis (11)
Scrolls
 f - 2 scrolls of enchant armour
 n - 15 scrolls of remove curse {@r2}
 L - 2 scrolls of fog
 N - 4 scrolls of magic mapping
 W - 6 scrolls of identify {@r1}
Potions
 j - 3 potions of stabbing
 l - a potion of might
 m - 8 potions of lignification
 t - 8 potions of haste
 x - 3 potions of degeneration {unknown}
 C - 2 potions of flight
 J - a potion of cancellation {unknown}
 M - 2 potions of mutation {unknown}
 S - a potion of brilliance {unknown}
Books
 Y - a manual of Air Magic


   Skills:
 + Level 10.7 Fighting
 - Level 10.0(12.7) Short Blades
 - Level 12.8(14.0) Long Blades
 - Level 12.3(12.4) Slings
 - Level 2.6(7.8) Throwing
 - Level 6.5 Armour
 - Level 2.1 Dodging
 - Level 5.3 Stealth
 - Level 4.0 Shields
 - Level 3.9 Invocations
 - Level 8.5 Evocations


You had 11 spell levels left.
You knew the following spells:

 Your Spells              Type           Power        Failure   Level
a - Poisonous Vapours     Pois/Air       #.....       100%        2

Your spell library contained the following spells:

 Spells                   Type           Power        Failure   Level
 Magic Dart               Conj           #...         100%        1
 Sandblast                Erth           #.....       100%        1
 Sting                    Tmut/Pois      #...         100%        1
 Call Imp                 Summ           #.......     100%        2
 Passwall                 Tmut/Erth      #.......     100%        2
 Slow                     Hex            #.......     100%        2
 Conjure Flame            Conj/Fire      #.......     100%        3
 Gell's Gravitas          Tloc           #.........   100%        3
 Ignite Poison            Fire/Tmut/Pois #.......     100%        3
 Lesser Beckoning         Tloc           #.........   100%        3
 Mephitic Cloud           Conj/Pois/Air  #.......     100%        3
 Stone Arrow              Conj/Erth      #.....       100%        3
 Teleport Other           Tloc           #.......     100%        3
 Olgreb's Toxic Radiance  Pois           #.......     100%        4
 Passage of Golubria      Tloc           N/A          100%        4
 Petrify                  Tmut/Erth      #.......     100%        4
 Bolt of Magma            Conj/Fire/Erth #.........   100%        5
 Irradiate                Conj/Tmut      #.........   100%        5
 Iskenderun's Battlesphe  Conj           #.......     100%        5
 Lee's Rapid Deconstruct  Erth           #.........   100%        5
 Hydra Form               Tmut           #.........   100%        6
 Iron Shot                Conj/Erth      #.........   100%        6
 Statue Form              Tmut/Erth      #........    100%        6
 Dragon Form              Tmut           #.........   100%        7
 Orb of Destruction       Conj           #.........   100%        7
 Spellforged Servitor     Conj/Summ      #.........   100%        7
 Blink                    Tloc           Unusable     N/A         2

Dungeon Overview and Level Annotations

Branches:
Dungeon (9/15)             Temple (1/1) D:5            Lair (6/6) D:9
 Shoals (0/4) Lair:4       Spider (0/4) Lair:4        Slime (0/5) Lair:5
Ossuary (visited)
    Orc: D:9-12

Altars:
Ashenzari
Cheibriados
Dithmenos
Elyvilon
Fedhas
Gozag
Hepliaklqana
Kikubaaqudgha
Makhleb
Nemelex Xobeh
Okawaru
Qazlal
Ru
Sif Muna
Trog
Vehumet
Wu Jian
Xom
Yredelemnul
Zin
The Shining One
Beogh
Jiyva

Annotations:
D:9 2 transporters
Lair:1 exclusion: oklob plant


Innate Abilities, Weirdness & Mutations

You cannot be hasted, slowed, berserked, paralysed or teleported.
You can dig through walls and to a lower floor.
Your four strong arms can wield two-handed weapons with a shield.
You have a pair of large antennae on your head. (SInv)


Message History

You slash the death yak!
The death yak looks as sick as possible!
The death yak is severely wounded.
You block the death yak's attack.
You feel better. The death yak gores you!
* * * LOW HITPOINT WARNING * * *
You hit the death yak but do no damage.
The death yak is severely wounded.
The yak snorts and paws the ground.
The death yak gores you.
* * * LOW HITPOINT WARNING * * *
Okay, then.
You slash the death yak!
The death yak looks as sick as possible!
The death yak is almost dead.
You hit the death yak.
The death yak looks as sick as possible!
The death yak is almost dead.
The death yak gores you!!
You die...

P## ≈≈### ≈♣≈≈# ≈≈≈## ##
.P♣♣ ##.## ..♣ ##.... .##
..## ##...# ...# ...#
##...# ...# ...# #..@##
.H..# ...# #...##Y####..#
...# ....# ##Y#{{.# ...#
#.. ##HY# ..## # #{YY##
..# ### ##{YY# ..# ##.###
#.###{.§## .# ..#
##....## #.....{{.## #..
..###......##..{{.#.#..##
#{..


You could see a death yak (extremely poisoned), a manticore and 6 yaks.

Vanquished Creatures
  4 hydras
  2 boulder beetles (Lair:6)
  A two-headed ogre (D:8)
  2 catoblepae
  8 death yaks (Lair:6)
  A manticore (Lair:6)
  A wolf spider (Lair:4)
  11 elephants (Lair:6)
  A torpor snail (Lair:6)
  4 black mambas
  20 cane toads
  4 rime drakes
  14 komodo dragons
  2 polar bears (Lair:4)
  Prince Ribbit (Lair:1)
  A hornet (D:9)
  19 blink frogs
  11 dream sheep
  4 wyverns
  47 yaks
  2 basilisks
  16 water moccasins
  7 orc warriors
  A hornet zombie (D:7)
  A black bear (Lair:1)
  3 ogres
  2 sky beasts (D:7)
  2 phantoms
  2 centaurs
  14 wolves
  A big kobold (D:8)
  Blork the orc (D:4)
  2 elf zombies (Ossuary)
  8 bullfrogs
  5 killer bees (D:7)
  2 electric eels
  A howler monkey (D:5)
  A jelly (D:7)
  5 hounds
  A human zombie (Ossuary)
  4 orc priests
  5 orc wizards
  12 hell rats
  4 iguanas
  4 worker ants
  A big kobold zombie (Ossuary)
  A hound zombie (D:7)
  A hound skeleton (D:5)
  4 mummies
  5 gnolls
  4 adders
  3 howler monkey skeletons
  A shadow imp (D:7)
  4 white imps
  An ufetubus (D:7)
  2 adder zombies (Ossuary)
  2 adder skeletons
  2 worms
  A dart slug (D:1)
  5 leopard geckos
  35 orcs
  6 bats
  6 giant cockroaches
  4 goblins
  4 hobgoblins
  19 jackals
  2 quokkas
  2 ball pythons
  2 frilled lizards
  A goblin zombie (Ossuary)
  4 hobgoblin zombies
  A jackal zombie (Ossuary)
  4 kobolds
  13 kobold zombies (Ossuary)
  14 orc zombies
  A quokka skeleton (D:9)
  9 rats
428 creatures vanquished.

Vanquished Creatures (collateral kills)
  2 yaks (Lair:2)
2 creatures vanquished.

Vanquished Creatures (others)
  A rime drake (Lair:2)
  A yak (Lair:2)
  A bush (Lair:6)
  49 fungi
  54 plants
106 creatures vanquished.

Grand Total: 536 creatures vanquished

Notes
Turn   | Place    | Note
-------+----------+-------------------------------------------
     0 | D:1      | dolemite99 the Formicid Hunter began the quest for the Orb.
     0 | D:1      | Reached XP level 1. HP: 16/16 MP: 1/1
   129 | D:1      | Reached XP level 2. HP: 23/23 MP: 2/2
   360 | D:1      | Reached XP level 3. HP: 17/28 MP: 3/3
   720 | D:1      | Reached skill level 1 in Short Blades
  1264 | D:2      | Reached XP level 4. HP: 34/34 MP: 4/4
  2200 | D:2      | Reached skill level 5 in Slings
  2211 | D:2      | Reached XP level 5. HP: 26/39 MP: 5/5
  3286 | D:3      | Reached skill level 1 in Throwing
  3631 | D:4      | Noticed Blork the orc
  3642 | D:4      | Killed Blork the orc
  3642 | D:4      | Reached XP level 6. HP: 34/46 MP: 6/6
  4329 | D:4      | Found a sparkling altar of Nemelex Xobeh.
  4550 | D:5      | Entered Level 5 of the Dungeon
  4550 | D:5      | Noticed an ogre
  4558 | D:5      | Killed an ogre
  4558 | D:5      | Reached XP level 7. HP: 51/51 MP: 7/7
  4569 | D:5      | Reached skill level 5 in Stealth
  4969 | D:5      | Found a staircase to the Ecumenical Temple.
  4978 | Temple   | Entered the Ecumenical Temple
  5128 | Temple   | Became a worshipper of Warmaster Okawaru
  5169 | D:5      | Reached skill level 1 in Shields
  5664 | D:5      | Found a stormy altar of Qazlal.
  6066 | D:6      | Reached XP level 8. HP: 61/61 MP: 8/8
  6142 | D:6      | You fall into a shaft and drop 2 floors!
  6523 | D:6      | Found a sand-covered staircase.
  6537 | Ossuary  | Entered an ossuary
  6703 | Ossuary  | Reached * piety under Okawaru
  7662 | D:6      | Reached skill level 1 in Invocations
  8003 | D:6      | Reached XP level 9. HP: 66/66 MP: 11/11
  8491 | D:6      | Learned a level 2 spell: Poisonous Vapours
  8726 | D:7      | Reached ** piety under Okawaru
  8726 | D:7      | Reached skill level 5 in Armour
  9019 | D:7      | Reached skill level 5 in Short Blades
  9809 | D:8      | Found a snail-covered altar of Cheibriados.
  9817 | D:8      | Noticed a two-headed ogre
  9843 | D:8      | Killed a two-headed ogre
  9843 | D:8      | Reached *** piety under Okawaru
  9843 | D:8      | Reached XP level 10. HP: 44/73 MP: 12/12
 10356 | D:8      | Reached skill level 5 in Fighting
 10789 | D:8      | Found a roughly hewn altar of Beogh.
 11058 | D:8      | Got a polished scimitar
 11064 | D:8      | Identified the +5 scimitar of Subterfuge {venom, Dex+3}
                  | (You found it on level 8 of the Dungeon)
 11082 | D:9      | Found a staircase to the Lair.
 11094 | D:9      | Found a sacrificial altar of Ru.
 11143 | D:9      | Noticed a centaur warrior
 11145 | D:9      | Found a transporter.
 11146 | D:9      | Found an opulent altar of Gozag.
 11156 | D:9      | Found a transporter.
 11291 | D:9      | Found a stormy altar of Qazlal.
 11318 | D:9      | Reached skill level 1 in Long Blades
 12556 | Lair:1   | Entered Level 1 of the Lair of Beasts
 12556 | Lair:1   | Noticed a rime drake
 12570 | Lair:1   | Killed a rime drake
 12705 | Lair:1   | Noticed a cane toad
 12744 | Lair:1   | Killed a cane toad
 13001 | Lair:1   | Noticed a komodo dragon
 13011 | Lair:1   | Killed a komodo dragon
 13011 | Lair:1   | Reached **** piety under Okawaru
 13011 | Lair:1   | Reached skill level 5 in Long Blades
 13080 | Lair:1   | Noticed a komodo dragon
 13082 | Lair:1   | Reached XP level 11. HP: 82/82 MP: 10/13
 13141 | Lair:1   | Noticed Prince Ribbit
 13157 | Lair:1   | Killed Prince Ribbit
 13696 | Lair:1   | Reached skill level 10 in Short Blades
 14079 | Lair:1   | Found a blossoming altar of Fedhas.
 14092 | Lair:1   | Noticed an oklob plant
 14174 | Lair:2   | Received a gift from Okawaru
 14174 | Lair:2   | Reached skill level 1 in Evocations
 14540 | Lair:2   | Noticed an eight-headed hydra
 14550 | Lair:2   | Killed an eight-headed hydra
 14550 | Lair:2   | Received a gift from Okawaru
 14550 | Lair:2   | Reached skill level 5 in Evocations
 15132 | Lair:2   | Reached XP level 12. HP: 89/89 MP: 11/14
 15622 | Lair:2   | Received a gift from Okawaru
 17281 | Lair:3   | Noticed a five-headed hydra
 17298 | Lair:3   | Killed a five-headed hydra
 17304 | Lair:3   | Reached ***** piety under Okawaru
 18361 | Lair:4   | Reached skill level 10 in Slings
 18648 | Lair:4   | Received a gift from Okawaru
 18648 | Lair:4   | Reached XP level 13. HP: 98/98 MP: 12/15
 18660 | Lair:4   | Found a staircase to the Shoals.
 19141 | Lair:4   | Received a gift from Okawaru
 19437 | Lair:4   | Found a hole to the Spider Nest.
 20461 | Lair:5   | Received a gift from Okawaru
 20499 | Lair:5   | Noticed a catoblepas
 20508 | Lair:5   | Noticed a six-headed hydra
 20509 | Lair:5   | Killed a catoblepas
 20513 | Lair:5   | Killed a six-headed hydra
 21200 | Lair:5   | Found a viscous altar of Jiyva.
 21200 | Lair:5   | Found a staircase to the Slime Pits.
 21257 | Lair:5   | Noticed a five-headed hydra
 21265 | Lair:5   | Killed a five-headed hydra
 21265 | Lair:5   | Received a gift from Okawaru
 21828 | Lair:6   | Entered Level 6 of the Lair of Beasts
 22105 | Lair:6   | Noticed a boulder beetle
 22113 | Lair:6   | Reached skill level 10 in Long Blades
 22114 | Lair:6   | Killed a boulder beetle
 22114 | Lair:6   | Received a gift from Okawaru
 22732 | Lair:6   | Reached XP level 14. HP: 90/105 MP: 14/16
 22759 | Lair:6   | Received a gift from Okawaru
 23226 | Lair:6   | Received a gift from Okawaru
 24177 | Lair:6   | Received a gift from Okawaru
 25267 | Lair:6   | Reached skill level 10 in Fighting
 25308 | Lair:6   | Mangled by a death yak

Illustrated notes

Levels and vault maps discovered:
D:1:      minmay_arrival_jagged, layout_basic, serial_forest,
          infiniplex_forest_3_way, infiniplex_forest_lined_room_2,
          infiniplex_forest_end_2, infiniplex_forest_3_way,
          infiniplex_forest_clump_diagonal, infiniplex_forest_straight_5,
          infiniplex_forest_lined_room_3, amethyst_killhole
D:2:      layout_rooms, item_on_display_a
D:3:      layout_loops_ring
D:4:      layout_cave_pools, minmay_hedge_maze,
          nemelex_xobeh_ov_fountains_minmay, uniq_blork_the_orc
D:5:      layout_cave_pools, kennysheep_little_box,
          minmay_temple_entry_nine_rooms
D:6:      layout_loops_corners, nicolae_ossuary_entry_giza
D:7:      layout_basic
D:8:      layout_loops_ring, slow_altar_1, special_room [special_room_orc]
D:9:      layout_irregular_city, nicolae_overflow_hidden_temple,
          gammafunk_temple_overflow_arena, lemuel_crystal_altar,
          lair_entry_dummy, nicolae_qazlal_general_emergency
Temple:   eino_temple_scatter_basement
Lair:1:   layout_hall_layers, fungi_pond_lemuel, tgw_fedhas, uniq_prince_ribbit2
Lair:2:   layout_gridlike, beast_lair_carwin_3
Lair:3:   layout_small_grid, st_stairs_11, grunt_megastairs_4
Lair:4:   layout_loops_ring, elwin_shoals_entry_rocks, spider_nest_entry_rubble,
          serial_bayou_pond_b
Lair:5:   layout_layer_cave, dpeg_slime_entry_enclosed_altar, grunt_megastairs_2
Lair:6:   evilmike_catoblepas_cave, layout_regular_city, st_stairs_4,
          serial_bayou_shore_b, serial_bayou_shore_a

Skill      XL: |  1  2  3  4  5  6  7  8  9 10 11 12 13 14 |
---------------+-------------------------------------------+-----
Dodging        | 2 |  2.1
Short Blades   | 2 3 7 8 10 | 10.0
Slings         | 5 6 10 12 | 12.3
Throwing       | 2 |  2.6
Stealth        | 4 5 |  5.3
Fighting       | 4 6 8 10 | 10.7
Shields        | 3 4 |  4.0
Invocations    | 3 |  3.9
Armour         | 3 6 |  6.5
Long Blades    | 5 7 10 12 | 12.8
Evocations     | 6 8 |  8.5

Action                   |  1- 3 |  4- 6 |  7- 9 | 10-12 | 13-15 || total
-------------------------+-------+-------+-------+-------+-------++-------
Melee: Dagger            |    26 |    66 |   299 |    29 |       ||   420
       Long sword        |       |       |    51 |       |       ||    51
       Scimitar          |       |       |       |   303 |   385 ||   688
 Fire: Hunting sling     |    28 |    56 |   295 |   297 |   114 ||   790
Throw: Stone             |    19 |     7 |       |    11 |       ||    37
       Dart              |       |    53 |    18 |    70 |   124 ||   265
Invok: Heroism           |       |       |     6 |    54 |    48 ||   108
       Finesse           |       |       |       |       |     3 ||     3
 Abil: Dig               |       |       |    12 |    11 |     7 ||    30
       Shaft Self        |       |       |     1 |       |       ||     1
Evoke: Wand              |       |       |     6 |    16 |    28 ||    50
  Use: Scroll            |     3 |     5 |     7 |     6 |     3 ||    24
       Potion            |       |       |       |     9 |    10 ||    19
 Stab: Paralysed         |       |       |       |       |     1 ||     1
Armor: Leather armour    |     8 |     6 |       |       |       ||    14
       Ring mail         |       |    17 |    43 |       |       ||    60
       Plate armour      |       |       |    70 |   142 |   103 ||   315
Dodge: Dodged            |    15 |    41 |   221 |   231 |   194 ||   702
Block: Buckler           |       |       |    73 |   106 |    92 ||   271
       Rpst.: Long sword |       |       |     7 |       |       ||     7
       Scimitar          |       |       |       |    48 |    54 ||   102

Table legend: (Time is in decaauts)
 A = Elapsed time spent in this place.
 B = Non-inter-level travel time spent in this place.
 C = Inter-level travel time spent in this place.
 D = Time resting spent in this place.
 E = Time spent auto-exploring this place.
 F = Levels seen in this place.
 G = Mean time per level.
                   A        B        C        D        E       F      G
               +--------+--------+--------+--------+--------+-----+--------+
         Total |  24735 |  24262 |    473 |  10130 |  10030 |  17 | 1455.0 |
       Dungeon |  11088 |  10802 |    286 |   3987 |   4819 |   9 | 1232.0 |
        Temple |    163 |    137 |     26 |      0 |    132 |   1 |  163.0 |
          Lair |  12382 |  12222 |    160 |   5536 |   4862 |   6 | 2063.7 |
       Ossuary |   1101 |   1101 |      0 |    607 |    217 |   1 | 1101.0 |
               +--------+--------+--------+--------+--------+-----+--------+

Top non-repeatable levels by time:
  Lair:6: 2621 daAuts
  Lair:4: 2204 daAuts
  Lair:5: 2171 daAuts
  Lair:2: 2045 daAuts
  Lair:1: 2039 daAuts
     D:8: 1732 daAuts
     D:2: 1505 daAuts
     D:9: 1476 daAuts
  Lair:3: 1300 daAuts
     D:5: 1285 daAuts
     D:1: 1174 daAuts
     D:6: 1134 daAuts
 Ossuary: 1101 daAuts
     D:4: 949 daAuts
     D:7: 939 daAuts
